 Dungeon Crawl Stone Soup version 0.23.1 (webtiles) character file.

Game seed: 0

1481 night the Grappler (level 8, 0/58 HPs)
             Began as a Demonspawn Fighter on Mar 18, 2019.
             Was an Initiate of Cheibriados.
             Slain by a killer bee (5 damage)
             ... on level 7 of the Dungeon.
             The game lasted 00:20:39 (7631 turns).

night the Grappler (Demonspawn Fighter)             Turns: 7631, Time: 00:20:40

Health: 0/58       AC: 13    Str: 17    XL:     8   Next: 50%
Magic:  8/8        EV:  9    Int: 16    God:    Cheibriados [......]
Gold:   357        SH:  0    Dex: 13    Spells: 7/7 levels left

rFire    . . .     SeeInvis .     - Unarmed
rCold    . . .     Gourm    .   (no shield)
rNeg     . . .     Faith    .   i - +0 scale mail of Retryera {rPois Int+2} (curse)
rPois    +         Spirit   .   g - +1 helmet
rElec    .         Reflect  .   (no cloak)
rCorr    .         Harm     .   s - +0 pair of gloves
MR       .....                  l - +0 pair of boots
Stlth    ..........             (no amulet)
HPRegen  0.19/turn              (no ring)
MPRegen  0.11/turn              (no ring)

@: lethally poisoned (0 -> -1), berserk cooldown, slowed, very slow
A: iridescent scales 1, powered by pain 1, rot immunity
a: Bend Time, Renounce Religion


You were on level 7 of the Dungeon.
You worshipped Cheibriados.
Cheibriados was noncommittal.
You were not hungry.

You visited 2 branches of the dungeon, and saw 8 of its levels.
You also visited: Sewer.

You collected 357 gold pieces.

Inventory:

Hand Weapons
 b - the +8 longbow "Zefeokh" {flame, MR+ Str+2 Int-5 Dex+2}
   (You found it on level 5 of the Dungeon)

   It causes projectiles fired from it to burn those they strike, causing extra
   injury to most foes and up to half again as much damage against particularly
   susceptible opponents.
   It affects your strength (+2).
   It affects your intelligence (-5).
   It affects your dexterity (+2).
   It affects your resistance to hostile enchantments.
Missiles
 h - 26 arrows
 o - a throwing net (quivered)
Armour
 g - a +1 helmet (worn)
 i - the cursed +0 scale mail of Retryera (worn) {rPois Int+2}
   (You took it off an orc on level 3 of the Dungeon)

   It affects your intelligence (+2).
   It protects you from poison.
   It has a curse placed upon it.
 l - a +0 pair of boots (worn)
 m - a +0 cloak
 s - a +0 pair of gloves (worn)
 I - a +0 shield
Jewellery
 y - a +2 ring of strength {unknown}
Wands
 B - a wand of random effects (41)
Scrolls
 f - 15 scrolls of identify
 r - 2 scrolls of remove curse
 t - 2 scrolls of noise {unknown}
 u - 2 scrolls of fog {unknown}
 v - 2 scrolls of enchant weapon {unknown}
 x - 5 scrolls of teleportation {unknown}
 A - 4 scrolls of magic mapping {unknown}
 C - a scroll of amnesia {unknown}
 H - 2 scrolls of enchant armour {unknown}
Potions
 a - 3 potions of berserk rage
 c - 2 potions of might
 e - a potion of degeneration {unknown}
 j - a potion of flight
 k - 2 potions of invisibility {unknown}
 p - 2 potions of heal wounds
 q - a potion of experience {unknown}
 z - 3 potions of lignification
 D - 2 potions of mutation {unknown}
 F - 2 potions of agility {unknown}
 G - 6 potions of curing
Comestibles
 d - 14 rations
 n - 2 chunks of flesh


   Skills:
 - Level 3.0 Fighting
 + Level 3.5 Bows
 - Level 2.6 Armour
 - Level 4.8 Shields
 * Level 8.2 Unarmed Combat


You had 7 spell levels left.
You didn't know any spells.
Your spell library was empty.

Dungeon Overview and Level Annotations

Branches:
Dungeon (7/15)             Temple (1/1) D:6

Altars:
Ashenzari
Cheibriados
Dithmenos
Elyvilon
Fedhas
Gozag
Hepliaklqana
Kikubaaqudgha
Makhleb
Nemelex Xobeh
Okawaru
Qazlal
Ru
Sif Muna
Trog
Uskayaw
Vehumet
Wu Jian
Xom
Yredelemnul
Zin
The Shining One
Beogh


Innate Abilities, Weirdness & Mutations

You are partially covered in iridescent scales. (AC +2)
You sometimes gain a little power by taking damage.
You are immune to rotting.


Message History

You closely miss the killer bee.
The killer bee is severely wounded.
The killer bee barely misses you.
The killer bee stings you but does no damage.
Your scale mail of Retryera prevents you from hitting the killer bee.
The killer bee is severely wounded.
You feel sick. The killer bee barely misses you.
The killer bee stings you but does no damage.
You punch the killer bee!
You kill the killer bee!
Cheibriados thoroughly appreciates the change of pace.
The killer bee barely misses you.
You closely miss the killer bee.
You are no longer berserk.
You are exhausted.
You feel yourself slow down. The killer bee stings you.
* * * LOW HITPOINT WARNING * * *
You hit the killer bee but do no damage.
You feel sick. The killer bee barely misses you. The killer bee stings you.
You die...

#.... .#.# .... ... #
..# .# #.#..# . #
#)#..# >...#y###.#..#
#...oly@....#
#.#..y##รท##.# . .
..#.#.## #.##.# #..
..#.#.####.##.########
#.#
#........#............
#.#
#........####.########
#.## #........####.#
...#####.............#
................######


You could see 3 killer bees, an orc and a leopard gecko.

Vanquished Creatures
  A phantom (D:5)
  An ice beast (D:6)
  3 ogres
  A crocodile (Sewer)
  A scorpion (D:5)
  3 killer bees (D:7)
  2 howler monkeys
  A crimson imp (D:6)
  A jelly (D:6)
  4 orc priests
  A hound (D:5)
  2 iguanas
  An orc wizard (D:3)
  A worker ant (D:4)
  Ijyb (D:2)
  The ghost of Sandy the Scratcher, a weakling FeCK of Xom (D:3)
  2 worker ant zombies (D:5)
  4 gnolls (D:5)
  10 adders
  A shadow imp (D:7)
  4 oozes
  2 adder skeletons
  5 worms
  A dart slug (D:1)
  9 leopard geckos
  24 orcs
  10 giant cockroaches
  8 hobgoblins
  10 jackals
  2 quokkas
  A ball python (D:1)
  17 bats
  A frilled lizard (D:2)
  16 goblins
  8 kobolds
  A leopard gecko skeleton (D:4)
  A leopard gecko zombie (D:5)
  A quokka skeleton (D:6)
  9 rats
172 creatures vanquished.

Notes
Turn   | Place    | Note
-------+----------+-------------------------------------------
     0 | D:1      | night the Demonspawn Fighter began the quest for the Orb.
     0 | D:1      | Reached XP level 1. HP: 18/18 MP: 1/1
    56 | D:1      | Reached skill level 2 in Unarmed Combat
    84 | D:1      | Gained mutation: You are partially covered in iridescent
                  | scales. (AC +2) [demonic ancestry]
    84 | D:1      | Reached XP level 2. HP: 21/24 MP: 2/2
   525 | D:1      | Gained mutation: You sometimes gain a little power by
                  | taking damage. [demonic ancestry]
   525 | D:1      | Reached XP level 3. HP: 29/29 MP: 3/3
   550 | D:1      | Reached skill level 3 in Unarmed Combat
  1064 | D:2      | Gained mutation: You are immune to rotting. [demonic
                  | ancestry]
  1064 | D:2      | Reached XP level 4. HP: 34/35 MP: 4/4
  1311 | D:2      | Found a sacrificial altar of Ru.
  1391 | D:2      | Noticed Ijyb
  1406 | D:2      | Killed Ijyb
  1472 | D:2      | Found a shimmering altar of Xom.
  1472 | D:2      | Found a sacrificial altar of Ru.
  1474 | D:2      | Found a shattered altar of Ashenzari.
  1474 | D:2      | Found a sparkling altar of Nemelex Xobeh.
  1474 | D:2      | Found a shimmering altar of Xom.
  1715 | D:3      | Reached skill level 4 in Unarmed Combat
  1793 | D:3      | Reached XP level 5. HP: 39/41 MP: 5/5
  2022 | D:3      | Found a runed translucent gate.
  2022 | D:3      | Found a runed translucent gate.
  2023 | D:3      | Found a runed translucent gate.
  2023 | D:3      | Noticed Sandy's ghost (weakling FeCK)
  2024 | D:3      | Identified the +10 dagger of Qain {speed, rN+ Str+2 Int-4}
  2024 | D:3      | Identified the cursed +0 scale mail of Retryera {rPois
                  | Int+2}
  2026 | D:3      | Found a roughly hewn altar of Beogh.
  2709 | D:3      | Reached XP level 6. HP: 47/47 MP: 6/6
  2739 | D:3      | Killed Sandy's ghost
  3076 | D:4      | Reached skill level 5 in Unarmed Combat
  3094 | D:4      | Found a white marble altar of Elyvilon.
  3703 | D:4      | Found a glowing golden altar of the Shining One.
  3784 | D:4      | Found a basalt altar of Yredelemnul.
  4110 | D:5      | Entered Level 5 of the Dungeon
  4134 | D:5      | Reached XP level 7. HP: 19/52 MP: 7/7
  4694 | D:5      | Reached skill level 6 in Unarmed Combat
  4722 | D:5      | Got a transparent longbow
  4728 | D:5      | Identified the +8 longbow "Zefeokh" {flame, MR+ Str+2 Int-5
                  | Dex+2} (You found it on level 5 of the Dungeon)
  5193 | D:5      | Reached skill level 1 in Bows
  5623 | D:5      | Found a sacrificial altar of Ru.
  5872 | D:6      | Reached skill level 7 in Unarmed Combat
  6084 | D:6      | Found a glowing drain.
  6105 | Sewer    | Entered a sewer
  6214 | Sewer    | Reached XP level 8. HP: 48/58 MP: 8/8
  6618 | D:6      | Found an iron altar of Okawaru.
  6667 | D:6      | Found a sparkling altar of Nemelex Xobeh.
  6667 | D:6      | Found a radiant altar of Vehumet.
  6667 | D:6      | Found a shattered altar of Ashenzari.
  6755 | D:6      | Found a staircase to the Ecumenical Temple.
  6766 | Temple   | Entered the Ecumenical Temple
  6964 | Temple   | Became a worshipper of Cheibriados the Contemplative
  7608 | D:7      | Reached skill level 8 in Unarmed Combat
  7631 | D:7      | Slain by a killer bee

Skill      XL: |  1  2  3  4  5  6  7  8 |
---------------+-------------------------+-----
Unarmed Combat | 2 3 4 5 7 8 |  8.2
Shields        | 3 4 |  4.8
Bows           | 2 3 |  3.5
Fighting       | |  3.0
Armour         | |  2.6

Action                   |  1- 3 |  4- 6 |  7- 9 || total
-------------------------+-------+-------+-------++-------
Melee: Unarmed           |   177 |   400 |   270 ||   847
       Punch             |       |       |     6 ||     6
 Fire: Longbow           |       |       |    18 ||    18
Evoke: Wand              |       |     2 |       ||     2
  Use: Potion            |       |     2 |     1 ||     3
       Scroll            |       |     2 |       ||     2
  Eat: Chunk             |     1 |    10 |     5 ||    16
       Ration            |       |       |     2 ||     2
Armor: Scale mail        |    95 |   187 |   154 ||   436
Dodge: Dodged            |    56 |    81 |   147 ||   284
Block: Shield            |    93 |   167 |    22 ||   282
